 Dungeon Crawl Stone Soup version 0.31.0-11-ge490571c62 (webtiles) character file.

Game seed: 13898659666408821492

74 Skeral the Insei (level 3, -4/30 HPs)
             Began as a Demigod Shapeshifter on Jan 29, 2024.
             Killed by divine providence
             ... invoked by an orc priest
              (14 damage)
             ... on level 3 of the Dungeon.
             The game lasted 00:04:44 (2002 turns).

Skeral the Insei (Demigod Shapeshifter)             Turns: 2002, Time: 00:04:45

Health: -4/30      AC:  2    Str: 15    XL:     3   Next: 85%
Magic:  5/5        EV: 12    Int: 12    God:
Gold:   127        SH:  0    Dex: 13    Spells: 2/2 levels left

rFire   + .          .
                       - Unarmed
rCold   . . .        (no shield)
rNeg    . . .        a - +0 animal skin
rPois   +            (helmet currently unavailable)
rElec   .            (cloak currently unavailable)
rCorr   .            (gloves currently unavailable)
SInv    .            (boots currently unavailable)
Will    ++...        A - amulet of the acrobat
Stlth   ++           i - ring of Pischuorr {rPois rF+ Will++ Dex-4 Stlth+}
HPRegen 0.25/turn    (no ring)
MPRegen 0.09/turn

%: acrobat
@: beast-form
A: beast (slay +1), high MP 1, forlorn, divine attributes
a: Begin Untransformation


You were on level 3 of the Dungeon.
You were a hulking beast.
You visited 1 branch of the dungeon, and saw 3 of its levels.

You collected 127 gold pieces.


Innate Abilities, Weirdness & Mutations

You are a hulking beast.
Your limbs bulge with bestial killing power. (Slay +1)
You have an increased reservoir of magic. (+10% MP)
You shall have no god before yourself.
Your divine heritage dramatically boosts your attributes as you level up.


   Skills:
 + Level 2.5 Fighting
 - Level 1.7 Dodging
 + Level 3.7 Unarmed Combat
 - Level 2.6 Shapeshifting


You had 2 spell levels left.
You didn't know any spells.
Your spell library contained the following spells:

 Spells                   Type           Power      Damage    Failure   Level
 Shock                    Conj/Air       0%         1d3       32%         1
 Cigotuvi's Dreadful Rot  Necr/Alch/Air  0%         N/A       45%         2
 Swiftness                Air            0%         N/A       69%         3
 Airstrike                Air            0%         2d(0-16)  97%         4
 Ignite Poison            Fire/Alch      0%         N/A       97%         4
 Freezing Cloud           Conj/Ice/Air   0%         6-21      100%        5

Inventory:

Armour
 a - a +0 animal skin (worn)
Magical Staves
 k - a staff of conjuration {!a}
   (You found it on level 2 of the Dungeon)
Jewellery
 i - the ring of Pischuorr (left hand) {rPois rF+ Will++ Dex-4 Stlth+}
   (You acquired it on level 3 of the Dungeon)

   [ring of poison resistance]

   Dex-4:     It affects your dexterity (-4).
   rF+:       It protects you from fire.
   rPois:     It protects you from poison Will++: It greatly increases your
   willpower.
   Stlth+:    It makes you more stealthy.
 A - an amulet of the acrobat (around neck)
   (You found it on level 2 of the Dungeon)
Talismans
 c - a beast talisman (active)
 d - a flux talisman
Wands
 j - a wand of charming (16)
   (You found it on level 3 of the Dungeon)
Scrolls
 e - a scroll of vulnerability {unknown}
 g - a scroll of immolation {!r!r}
 h - a scroll of amnesia {unknown}
 l - a scroll of teleportation {unknown}
 p - a scroll of noise {unknown}
Potions
 b - 3 potions of curing {@q1}
 f - a potion of brilliance
 m - a potion of mutation {unknown}
 n - a potion of haste {unknown}
 o - 2 potions of berserk rage {!q}

Dungeon Overview and Level Annotations

Branches:
Dungeon (3/15) Zot: 16005

### #.#####
#..hoo# #.###.#
#.# #.# #.# #.#
########.#
#o########
#######........#
#.†......#
.....##'########
#......).#
###.......#
#........+
#.......#
#.)....o.#


You could see an orc priest and an orc.


Message History

The adder poisons you! 😕 HP[-1]
You take 1 damage, and now have 27/30 hp.
You closely miss the adder.
You feel sick. The adder bites you. 😕 HP[-3]
You take 3 damage, and now have 24/30 hp.
You barely miss the adder.
You feel sick. The adder bites you. 😮 HP[-2]
You take 2 damage, and now have 22/30 hp.
You hit the adder but do no damage.
You feel sick. The adder barely misses you. 😮 HP[-1]
You take 1 damage, and now have 21/30 hp.
You closely miss the adder. Your punch misses the adder.
You feel sick.
You are no longer poisoned.
The adder barely misses you.
You barely miss the adder. The adder bites you but does no damage.
The adder completely misses you.
You hit the adder. The adder closely misses you.
You barely miss the adder. The adder bites you. 😮 HP[-2]
You take 2 damage, and now have 19/30 hp.
You barely miss the adder. The adder misses you.
You barely miss the adder. The adder misses you.
The adder barely misses you. 😮 HP[+1]
You hit the adder.
You kill the adder!
You see here an adder corpse.
You start resting.
An orc comes into view.
It is wielding a +0 great mace and carrying a wand of charming. 😕 HP[+3]
You regained 3 hp, and now have 23/30 hp.
The orc shouts!
An orc comes into view. It is wielding a +0 whip. 😕 HP[+1]
The orc moves out of view. 😕 HP[+1]
You start resting.
An orc is nearby! 😕 HP[+2]
You regained 2 hp, and now have 27/30 hp.
The orc zaps a wand.
You resist with almost no effort. The orc completely misses you.
You hit the orc.
The orc hits you with a +0 great mace. 😕 HP[-1]
You take 1 damage, and now have 26/30 hp.
You hit the orc but do no damage.
The orc zaps a wand.
You resist with almost no effort.
You hit the orc. The orc barely misses you.
You hit the orc.
You kill the orc!
j - a wand of charming (16) (gained 9 charges)
Things that are here:
a +0 great mace; a +0 leather armour 😕 HP[+1]
An orc comes into view.
It is wielding a +0 dagger. 😕 HP[+1] 😕 HP[+1]
The orc shouts!
An orc priest comes into view. It is wielding a +0 hand axe. 😎 HP[+1]
Your hp is fully restored (30).
Things that are here:
a +0 great mace; a +0 leather armour The orc closely misses you.
Things that are here:
a +0 great mace; a +0 leather armour You hit the orc.
The orc priest invokes the aid of Beogh against you.
Beogh smites you! The orc closely misses you.
You hear a shout! 😮 HP[-8]
You take 8 damage, and now have 22/30 hp.
MASSIVE DAMAGE!! (PAUSE)
You hit the orc but do no damage.
The orc hits you with a +0 whip. 😮 HP[-4]
You take 4 damage, and now have 18/30 hp.
You hit the orc. The orc hits you with a +0 whip.
You hit the orc.
You kill the orc!
You punch the orc priest! Your punch misses the orc priest.
The orc priest hits you with a +0 hand axe.
* * * LOW HITPOINT WARNING * * *
😨 HP[-3]
You take 3 damage, and now have 15/30 hp.
You closely miss the orc priest. The orc priest completely misses you.
You barely miss the orc priest.
The orc priest completely misses you. 😮 HP[+1]
You barely miss the orc priest.
The orc priest hits you with a +0 hand axe.
* * * LOW HITPOINT WARNING * * *
😨 HP[-6]
You take 6 damage, and now have 10/30 hp.
You barely miss the orc priest.
The orc priest looks encouraged for a moment.
You hit the orc priest.
The orc priest calls down the wrath of Beogh upon you.
Beogh smites you!
You die...

Skill      XL: |  1  2 |
---------------+-------+-----
Fighting       | 1 2 |  2.5
Unarmed Combat | 3 |  3.7
Dodging        | |  1.7
Shapeshifting  | |  2.6

Action                     || total
---------------------------++-------
  Melee: Unarmed           ||   160
         Punch             ||     6
    Use: Potion            ||     1
         Scroll            ||     6
   Stab: Sleeping          ||     2
 Armour: Animal skin       ||    68
         Skin              ||     5
  Dodge: Dodged            ||    98
   Form: Beast             ||     1

Levels and vault maps discovered:
D:1:      heliophobic_arrival_henge, layout_basic,
          dreamdust_ecumenical_altar_angels_and_demons, minmay_liquid_box,
          chequers_serial_rivers_micro_d
D:2:      layout_basic, minmay_split_cup_small
D:3:      layout_basic, serial_corexii_hall, corexii_hall_statues_l,
          chequers_hall_statues_corner_a

Notes
Turn   | Place    | Note
-------+----------+-------------------------------------------
     0 | D:1      | Skeral the Demigod Shapeshifter began the quest for the
                  | Orb.
     0 | D:1      | Reached XP level 1. HP: 15/15 MP: 3/3
     0 | D:1      | magus.rc [v1.10.3]
   157 | D:1      | Reached skill level 1 in Fighting
   290 | D:1      | Reached skill level 3 in Unarmed Combat
   308 | D:1      | Reached XP level 2. HP: 15/23 MP: 4/4
   631 | D:1      | You add the spells Cigotuvi's Dreadful Rot, Ignite Poison
                  | and Freezing Cloud to your library.
   633 | D:1      | Reached skill level 2 in Fighting
   859 | D:1      | Reached XP level 3. HP: 29/29 MP: 5/5
  1050 | D:2      | You pick up a book of Air and begin reading...
  1050 | D:2      | You add the spells Shock, Swiftness and Airstrike to your
                  | library.
  1854 | D:3      | Identified a scroll of acquirement
  1855 | D:3      | Acquired the ring of Pischuorr {rPois rF+ Will++ Dex-4
                  | Stlth+}
  2002 | D:3      | Killed from afar by an orc priest

Vanquished Creatures
  2 adders (D:3)
  2 orcs (D:3)
  3 bats
  4 endoplasms
  2 giant cockroaches (D:3)
  2 goblins (D:1)
  9 hobgoblins
  7 jackals (D:1)
  A quokka (D:1)
  5 ball pythons
  3 frilled lizards
  3 kobolds
  3 rats
46 creatures vanquished.

Table legend:
 A = Non-vault XP
 B = Vault XP
 C = Vault XP percentage of total XP
 D = Non-vault monster count
 E = Vault monster count
 F = Vault count percentage of total count
                 A         B        C        D         E       F
            +---------+---------+-------+---------+---------+-------
      Total |     101 |       5 |   4.7 |      43 |       3 |   6.5
            +---------+---------+-------+---------+---------+-------
        D:1 |      49 |       0 |   0.0 |      28 |       0 |   0.0
        D:2 |       8 |       5 |  38.5 |       4 |       3 |  42.9
        D:3 |      44 |       0 |   0.0 |      11 |       0 |   0.0
            +---------+---------+-------+---------+---------+-------

Skill      XL: |  1  2 |
---------------+-------+-----
Fighting       | 1 2 |  2.5
Unarmed Combat | 3 |  3.7
Dodging        | |  1.7
Shapeshifting  | |  2.6

Action                     || total
---------------------------++-------
  Melee: Unarmed           ||   160
         Punch             ||     6
    Use: Potion            ||     1
         Scroll            ||     6
   Stab: Sleeping          ||     2
 Armour: Animal skin       ||    68
         Skin              ||     5
  Dodge: Dodged            ||    98
   Form: Beast             ||     1

Illustrated notes

Table legend:
 A = Kills in this place as a percentage of kills in the entire game.
 B = Kills by you in this place as a percentage of kills by you in the entire game.
 C = Kills by friends in this place as a percentage of kills by friends in the entire game.
 D = Other kills in this place as a percentage of other kills in the entire game.
 E = Experience gained in this place as a percentage of experience gained in the entire game.
 F = Experience gained in this place divided by the number of levels of this place that you have seen.
                   A       B       C       D       E      F
               +-------+-------+-------+-------+-------+----------------------
         Total | 100.0 | 100.0 |   N/A |   N/A | 100.0 |  35.3
       Dungeon | 100.0 | 100.0 |   N/A |   N/A | 100.0 |  35.3
               +-------+-------+-------+-------+-------+----------------------

Table legend: (Time is in decaauts)
 A = Elapsed time spent in this place.
 B = Non-inter-level travel time spent in this place.
 C = Inter-level travel time spent in this place.
 D = Time resting spent in this place.
 E = Time spent auto-exploring this place.
 F = Levels seen in this place.
 G = Mean time per level.
                   A        B        C        D        E       F      G
               +--------+--------+--------+--------+--------+-----+--------+
         Total |   1993 |   1948 |     45 |    176 |   1302 |   3 |  664.3 |
       Dungeon |   1993 |   1948 |     45 |    176 |   1302 |   3 |  664.3 |
               +--------+--------+--------+--------+--------+-----+--------+

Top non-repeatable levels by time:
     D:1: 999 daAuts
     D:2: 528 daAuts
     D:3: 465 daAuts
